 Dungeon Crawl Stone Soup version 0.25-a0-782-g655279ceaa (webtiles) character file.

Game seed: 10427741866448289443, levelgen mode: deterministic

3523 Flugslaktarn the Cleaver (level 9, 53/123 HPs)
             Began as a Minotaur Fighter on Apr 16, 2020.
             Was an Initiate of Gozag.
             Starved to death
             ... on level 8 of the Dungeon.
             The game lasted 00:03:52 (4684 turns).

Flugslaktarn the Cleaver (Minotaur Fighter)         Turns: 4684, Time: 00:03:53

Health: 53/123     AC: 24    Str: 25      XL:     9   Next: 81%
Magic:  8/8        EV:  2    Int:  5      God:    Gozag
Gold:   572        SH: 17    Dex:  8 (9)  Spells: 8/8 levels left

rFire    . . .     SeeInvis .   t - +1 broad axe
rCold    + . .     Gourm    .   l - +0 tower shield
rNeg     + + +     Faith    .   (armour currently unavailable)
rPois    +         Spirit   .   (helmet currently unavailable)
rElec    .         Reflect  .   (cloak currently unavailable)
rCorr    .         Harm     .   (gloves currently unavailable)
MR       .....     NoTele   +   (boots currently unavailable)
Stlth    +.........             (no amulet)
HPRegen  0.30/turn              c - ring of protection from cold
MPRegen  0.11/turn              (no ring)

@: mildly poisoned (53 -> 51), tree-form, gold aura, fainting
A: (retaliatory headbutt)
a: Potion Petition, Call Merchant, Bribe Branch, Renounce Religion


You were on level 8 of the Dungeon.
You worshipped Gozag.
Gozag was pleased with you.
You were fainting.
You were a tree.
You visited 2 branches of the dungeon, and saw 9 of its levels.

You collected 674 gold pieces.
You paid 102 gold pieces to Gozag.

Inventory:

Hand Weapons
 t - a +1 broad axe (weapon)
   (You found it on level 5 of the Dungeon)
Missiles
 s - 2 throwing nets (quivered)
Armour
 i - a +0 cloak (melded)
   (You found it on level 5 of the Dungeon)
 l - a +0 tower shield (worn)
   (You found it on level 6 of the Dungeon)
 n - a +0 plate armour (melded)
   (You found it on level 3 of the Dungeon)
Jewellery
 a - an uncursed ring of see invisible {unknown}
   (You found it on level 7 of the Dungeon)
 c - a ring of protection from cold (left branch)
   (You found it on level 3 of the Dungeon)
Wands
 d - a wand of clouds (7)
   (You found it on level 4 of the Dungeon)
Scrolls
 k - a scroll of immolation
 r - a scroll of identify
 x - 2 scrolls of remove curse
 z - a scroll of blinking
Potions
 b - a potion of ambrosia {unknown}
 f - a potion of brilliance
 g - 2 potions of flight
 h - 2 potions of lignification
 m - a potion of stabbing
 u - a potion of invisibility
 v - a potion of cancellation


   Skills:
 * Level 8.9 Fighting
 * Level 10.7 Axes
 + Level 8.2 Armour
 + Level 8.2 Shields


You had 8 spell levels left.
You didn't know any spells.
Your spell library was empty.

Dungeon Overview and Level Annotations

Branches:
Dungeon (8/15)             Temple (1/1) D:5
   Lair: D:8-11

Altars:
Ashenzari
Cheibriados
Elyvilon
Fedhas
Gozag
Hepliaklqana
Kikubaaqudgha
Nemelex Xobeh
Okawaru
Qazlal
Ru
Sif Muna
Trog
Uskayaw
Vehumet
Wu Jian
Xom
Yredelemnul
Zin
The Shining One

Shops:
D:8 =


Innate Abilities, Weirdness & Mutations

((You reflexively headbutt those who attack you in melee.))
((You have a pair of horns on your head.))


Message History

The killer bee stings you.
The killer bee buzzes angrily.
You are too hungry to fight recklessly!
You are too hungry to fight recklessly!
You are too hungry to fight recklessly!
You closely miss the killer bee. You barely miss the killer bee.
You hit the phantom. You miss the killer bee.
The killer bee is no longer distracted by gold.
You feel sick. You block the killer bee's attack. x2
The killer bee stings you but does no damage. x3
The killer bee stings you.
The phantom hits you but does no damage.
The killer bee stings you but does no damage.
You hit the killer bee.
The killer bee is lightly wounded.
You miss the killer bee. You completely miss the phantom.
You miss the killer bee.
You have starved to death.
You die...
Your body crumbles into a pile of gold.

####### ####.....#
#(.......# $ #.##.....#
##### ###.##.....# #...#
.<#.##.....# #...#######
#.#.##.....###...y....?.
.>.......♣....(.♣yc.....
#.#.###...####..Wy.....5
#.#.###.♣∩♣ #...).....)
#.........# ###########
#........♣....
#......####### ########


You could see a phantom, a centaur, 3 killer bees and a crimson imp.

Vanquished Creatures
  Prince Ribbit (D:7)
  A hippogriff (D:7)
  Sigmund (D:6)
  2 hungry ghosts (D:7)
  A water moccasin (D:5)
  2 ice beasts
  A black bear (D:7)
  A necrophage (D:6)
  4 ogres
  3 phantoms
  4 centaurs
  3 bullfrogs
  3 scorpions
  A killer bee (D:8)
  A vampire bat (D:6)
  2 howler monkeys
  2 crimson imps
  A bullfrog zombie (D:5)
  A quasit (D:8)
  3 orc wizards
  5 orc priests
  A bullfrog skeleton (D:5)
  Natasha (D:3)
  7 worker ants
  A killer bee zombie (D:7)
  A hound zombie (D:6)
  2 hound skeletons
  5 gnolls
  4 adders
  A shadow imp (D:7)
  An ooze (D:4)
  2 adder zombies
  2 worms (D:2)
  3 leopard geckos
  24 orcs
  4 giant cockroaches
  2 hobgoblins
  2 jackals (D:1)
  3 kobolds
  2 quokkas (D:4)
  2 ball pythons (D:2)
  11 bats
  2 frilled lizards
  A quokka skeleton (D:5)
  9 rats
  A spectral orc (D:6)
137 creatures vanquished.

Notes
Turn   | Place    | Note
-------+----------+-------------------------------------------
     0 | D:1      | Flugslaktarn the Minotaur Fighter began the quest for the
                  | Orb.
     0 | D:1      | Reached XP level 1. HP: 19/19 MP: 0/0
   131 | D:1      | Reached XP level 2. HP: 24/27 MP: 1/1
   137 | D:1      | Reached skill level 3 in Axes
   352 | D:2      | Reached XP level 3. HP: 33/33 MP: 2/2
   558 | D:3      | Noticed Natasha
   564 | D:3      | Killed Natasha
   564 | D:3      | Reached XP level 4. HP: 32/40 MP: 3/3
   769 | D:3      | Reached skill level 4 in Axes
   811 | D:4      | Reached XP level 5. HP: 24/47 MP: 4/4
   835 | D:4      | HP: 3/70 [poisoned by an adder]
   843 | D:4      | HP: 3/70 [poisoned by an adder]
   847 | D:4      | HP: 1/47 [poisoned by an adder]
   943 | D:4      | Noticed a phantom
  1189 | D:4      | Killed a phantom
  1189 | D:4      | Reached skill level 5 in Axes
  1189 | D:4      | Reached XP level 6. HP: 54/55 MP: 5/5
  1231 | D:4      | Reached skill level 5 in Shields
  1283 | D:4      | Reached skill level 5 in Fighting
  1283 | D:4      | Reached skill level 5 in Armour
  1326 | D:4      | Found a hazy altar of Hepliaklqana.
  1567 | D:4      | Reached skill level 6 in Axes
  1582 | D:4      | Reached XP level 7. HP: 32/61 MP: 6/6
  1998 | D:5      | Entered Level 5 of the Dungeon
  2186 | D:5      | Found a glowing silver altar of Zin.
  2197 | D:5      | Reached skill level 7 in Axes
  2354 | D:5      | Reached XP level 8. HP: 68/70 MP: 7/7
  2436 | D:5      | Found a bloodstained altar of Trog.
  2595 | D:5      | Found a staircase to the Ecumenical Temple.
  2611 | Temple   | Entered the Ecumenical Temple
  2671 | Temple   | Became a worshipper of Gozag Ym Sagoz the Greedy
  2796 | D:5      | Reached skill level 8 in Axes
  3172 | D:6      | Noticed Sigmund
  3205 | D:6      | Killed Sigmund
  3560 | D:6      | Reached skill level 9 in Axes
  3691 | D:6      | Reached XP level 9. HP: 79/79 MP: 8/8
  3803 | D:6      | Found a stormy altar of Qazlal.
  3804 | D:6      | Found a shattered altar of Ashenzari.
  3966 | D:6      | Found a shimmering blue altar of Sif Muna.
  3966 | D:6      | Found a glowing golden altar of the Shining One.
  3981 | D:6      | Found a basalt altar of Yredelemnul.
  4223 | D:7      | Noticed Prince Ribbit
  4241 | D:7      | Killed Prince Ribbit
  4241 | D:7      | Reached skill level 10 in Axes
  4585 | D:7      | Paralysed by fainting for 11 turns
  4601 | D:7      | Paralysed by fainting for 12 turns
  4618 | D:7      | Paralysed by fainting for 12 turns
  4649 | D:8      | Found Imies's Jewellery Shop.
  4684 | D:8      | Starved to death

Levels and vault maps discovered:
D:1:      minmay_arrival_widening_spiral_wide, layout_basic
D:2:      layout_rooms, hex_intersection
D:3:      layout_basic, first_ration, uniq_natasha
D:4:      layout_rooms, nicolae_overflow_hidden_temple,
          lemuel_coloured_pillars_altar
D:5:      layout_loops_cross, lightli_temple_of_fire,
          minmay_temple_entry_enclosed_plants, basic_altar
D:6:      layout_loops_ring, yredelemnul_forgotten_temple_becter,
          gammafunk_temple_overflow_statue, gammafunk_temple_overflow_pools,
          roderic_batcave, uniq_sigmund
D:7:      cheibrodos_barr_body, layout_basic, hex_large,
          minmay_tree_intersection, uniq_joseph, uniq_prince_ribbit1
D:8:      layout_basic, serial_shops, nicolae_shop_waterfront,
          nicolae_shop_trees, shop, nicolae_shop_window_shopping
Temple:   dshaligram_water_room_temple

Skill      XL: |  1  2  3  4  5  6  7  8  9 |
---------------+----------------------------+-----
Axes           | 3 4 5 6 7 9 10 | 10.7
Fighting       | 4 5 6 7 8 |  8.9
Armour         | 4 5 6 7 8 |  8.2
Shields        | 4 5 6 7 8 |  8.2

Action                   |  1- 3 |  4- 6 |  7- 9 || total
-------------------------+-------+-------+-------++-------
Melee: War axe           |    65 |   128 |    66 ||   259
       Headbutt          |    12 |    23 |    45 ||    80
       Broad axe         |       |       |   225 ||   225
  Use: Potion            |       |     5 |     1 ||     6
       Scroll            |       |       |     9 ||     9
  Eat: Chunk             |       |     2 |     4 ||     6
       Ration            |       |       |     5 ||     5
Armor: Scale mail        |    42 |     2 |       ||    44
       Plate armour      |       |    78 |   140 ||   218
       Skin              |       |    34 |     5 ||    39
Dodge: Dodged            |    17 |    17 |    59 ||    93
Block: Kite shield       |    36 |    70 |   104 ||   210
       Tower shield      |       |       |    97 ||    97

Table legend:
 A = Non-vault XP
 B = Vault XP
 C = Vault XP percentage of total XP
 D = Non-vault monster count
 E = Vault monster count
 F = Vault count percentage of total count
                 A         B        C        D         E       F
            +---------+---------+-------+---------+---------+-------
      Total |    4285 |     748 |  14.9 |     121 |      16 |  11.7
            +---------+---------+-------+---------+---------+-------
        D:1 |      27 |       0 |   0.0 |       9 |       0 |   0.0
        D:2 |      35 |       0 |   0.0 |      12 |       0 |   0.0
        D:3 |      12 |      35 |  74.5 |       9 |       1 |  10.0
        D:4 |     694 |       0 |   0.0 |      37 |       0 |   0.0
        D:5 |    1031 |       0 |   0.0 |      26 |       0 |   0.0
        D:6 |    1125 |     293 |  20.7 |      16 |      11 |  40.7
        D:7 |    1244 |     420 |  25.2 |       9 |       4 |  30.8
        D:8 |     117 |       0 |   0.0 |       3 |       0 |   0.0
            +---------+---------+-------+---------+---------+-------
